 Dungeon Crawl Stone Soup version 0.19-a0-998-gfd37873 (webtiles) character file.

1886 Implojin the Grappler (level 8, -6/66 HPs)
             Began as a Troll Fighter on July 17, 2016.
             Was an Initiate of Okawaru.
             Mangled by a troll (7 damage)
             ... on level 9 of the Dungeon.
             The game lasted 00:11:00 (1801 turns).

Implojin the Grappler (Troll Fighter)               Turns: 1801, Time: 00:11:01

Health: -6/66      AC:  5    Str: 25    XL:     8   Next: 92%
Magic:  7/7        EV:  8    Int:  4    God:    Okawaru [......]
Gold:   105        SH:  9    Dex: 11    Spells: 0 memorised, 7 levels left

rFire  . . .     SeeInvis .       - Unarmed
rCold  . . .     Gourm    +     a - +0 robe
rNeg   . . .     Faith    .     b - +0 shield
rPois  .         Spirit   .     (helmet restricted)
rElec  .         Dismiss  .     (no cloak)
rCorr  .         Reflect  .     (gloves unavailable)
SustAt .         Harm     .     (boots unavailable)
MR     .....                    (no amulet)
Stlth  +.........               (no ring)
                                h - ring of wizardry

@: not resistant to hostile enchantments, very unstealthy
A: unfitting armour, claws 3, fast metabolism 3, frail 1, gourmand, high mp 1,
sense surroundings 1, regeneration 2, shaggy fur 1, tough skin 2
a: Renounce Religion


You were on level 9 of the Dungeon.
You worshipped Okawaru.
Okawaru was noncommittal.
You were not hungry.

You visited 2 branches of the dungeon, and saw 11 of its levels.

You collected 105 gold pieces.

Inventory:

Hand Weapons
 c - a +0 flail
 n - a +2 scimitar
Missiles
 l - 10 javelins (quivered)
 m - 5 tomahawks
Armour
 a - a +0 robe (worn)
 b - a +0 shield (worn)
Magical Staves
 g - an uncursed staff of power
Jewellery
 h - a ring of wizardry (left claw)
 k - a cursed -2 ring of dexterity {unknown}
 r - an uncursed amulet of harm
Wands
 e - a wand of teleportation (4/9)
Scrolls
 j - 2 scrolls of remove curse
 p - a scroll of teleportation
Potions
 f - 5 potions of flight
 q - a potion of berserk rage {unknown}
Books
 o - a book of Callings

   Spells                             Type                      Level
   a - Summon Small Mammal            Summoning                    1
   b - Call Imp                       Summoning                    2
   c - Call Canine Familiar           Summoning                    3
   d - Summon Guardian Golem          Hexes/Summoning              3
   e - Summon Lightning Spire         Summoning/Air                4
   f - Summon Ice Beast               Ice/Summoning                4
Comestibles
 d - 2 bread rations
 i - 2 meat rations


   Skills:
 - Level 2.4 Fighting
 - Level 2.4 Dodging
 - Level 2.4 Shields
 * Level 11.5 Unarmed Combat


You had 7 spell levels left.
You didn't know any spells.

Dungeon Overview and Level Annotations

Branches:
Dungeon (10/15)            Temple (1/1) D:7
   Lair: D:8-11         Orc: D:9-12

Altars:
Ashenzari
Cheibriados
Dithmenos
Elyvilon
Fedhas
Gozag
Hepliaklqana
Kikubaaqudgha
Makhleb
Nemelex Xobeh
Okawaru
Pakellas
Qazlal
Ru
Sif Muna
Trog
Uskayaw
Vehumet
Xom
Yredelemnul
Zin
The Shining One

Shops:
D:6 }


Innate Abilities, Weirdness & Mutations

You are too large for most types of armour.
You have claws for hands.
Your metabolism is lightning-fast.
You like to eat raw meat.
You heal very quickly.
You are covered in fur. (AC +1)
You have very tough skin. (AC +2)
You are frail. (-10% HP)
You have an increased reservoir of magic. (+10% MP)
You passively map a small area around you.


Message History

You open the door.
A troll and a skeleton come into view.
The troll shouts!
The giant frog skeleton moves out of view.
You block the troll's attack. The troll claws you.
The troll claws you but does no damage.
Found a scroll of remove curse.
There is an open door here.
The troll bites you but does no damage. The troll claws you.
The troll claws you but does no damage.
You closely miss the troll.
You block the giant frog skeleton's attack.
You block the troll's attack. The troll claws you! The troll claws you.
You block the giant frog skeleton's attack.
The troll bites you.
* * * LOW HITPOINT WARNING * * *
The troll claws you.
* * * LOW HITPOINT WARNING * * *
The troll claws you!
* * * LOW HITPOINT WARNING * * *
There is an open door, spattered with blood here.
The giant frog skeleton closely misses you.
Your shield prevents you from hitting the giant frog skeleton.
The giant frog skeleton hits you.
* * * LOW HITPOINT WARNING * * *
The giant frog skeleton hits you.
* * * LOW HITPOINT WARNING * * *
You mangle the giant frog skeleton!!
The giant frog skeleton completely misses you.
You mangle the giant frog skeleton!!
You destroy the giant frog skeleton!
Okawaru accepts your kill.
You closely miss the troll. The troll bites you!
* * * LOW HITPOINT WARNING * * *
The troll claws you!
* * * LOW HITPOINT WARNING * * *
You block the troll's attack.
You scratch the troll but do no damage. You block the troll's attack.
The troll misses you. The troll claws you!
You die...

### ..* , * #.# * #.# ,,*
#####.##### ###+## ,
#.........# #....# #####
#.........# ###....#
....###.........####.'....#
* ,
###..##.........##...#....#
* ##..#.........@T.###....#
* ##...........#### #....#*
###.........# #....#
#.........# #....+ ,*
########### #?...# , ######


You could see a troll.

Vanquished Creatures
  2 yaks (D:9)
  Duvessa (D:7)
  An orc warrior (D:8)
  A wasp (D:7)
  2 phantoms
  A sky beast (D:5)
  2 centaurs
  A big kobold (D:7)
  A gnoll sergeant (D:9)
  Dowan (D:7)
  2 scorpions
  2 howler monkeys (D:5)
  3 wights (D:6)
  A centaur zombie (D:5)
  A giant frog skeleton (D:9)
  2 hounds (D:5)
  An orc wizard (D:7)
  An iguana (D:9)
  4 worker ants
  6 gnolls
  An adder (D:4)
  A shadow imp (D:7)
  An ooze (D:5)
  2 adder skeletons
  2 worms
  3 giant geckos
  7 orcs
  2 giant cockroaches (D:5)
  A goblin (D:1)
  3 jackals (D:5)
  4 kobolds
  2 quokkas
  3 giant newts
68 creatures vanquished.

Notes
Turn   | Place    | Note
-------+----------+-------------------------------------------
     0 | D:1      | Implojin the Troll Fighter began the quest for the Orb.
     0 | D:1      | Reached XP level 1. HP: 22/22 MP: 0/0
     2 | D:1      | Noticed a dwarf
     2 | D:1      | Noticed a felid
     4 | D:1      | Noticed a gargoyle
     4 | D:1      | Noticed a ghoul
     6 | D:1      | Noticed a draconian
     6 | D:1      | Noticed a halfling
     8 | D:1      | Noticed a vine stalker
     8 | D:1      | Noticed a minotaur
    10 | D:1      | Noticed a centaur
    10 | D:1      | Noticed a demigod
    12 | D:1      | Noticed an octopode
    12 | D:1      | Noticed an ogre
    14 | D:1      | Noticed a formicid
    16 | D:1      | Noticed a vampire
    18 | D:1      | Noticed a spriggan
    18 | D:1      | Noticed a merfolk
    20 | D:1      | Noticed a tengu
    23 | D:1      | Noticed a human
    23 | D:1      | Noticed a troll
    25 | D:1      | Noticed an elf
    25 | D:1      | Noticed a naga
    27 | D:1      | Noticed a demonspawn
    98 | D:2      | Reached XP level 2. HP: 10/29 MP: 1/1
   173 | D:4      | Reached skill level 3 in Unarmed Combat
   181 | D:5      | Entered Level 5 of the Dungeon
   205 | D:5      | Noticed a centaur
   216 | D:5      | Killed a centaur
   216 | D:5      | Reached skill level 4 in Unarmed Combat
   216 | D:5      | Reached XP level 3. HP: 11/36 MP: 2/2
   216 | D:5      | Reached XP level 4. HP: 13/44 MP: 3/3
   217 | D:5      | Found a glowing golden altar of the Shining One.
   242 | D:5      | Reached skill level 5 in Unarmed Combat
   242 | D:5      | Reached XP level 5. HP: 26/50 MP: 4/4
   304 | D:5      | Reached skill level 6 in Unarmed Combat
   334 | D:5      | Reached XP level 6. HP: 56/59 MP: 5/5
   427 | D:6      | Reached skill level 7 in Unarmed Combat
   487 | D:7      | Noticed Dowan
   491 | D:7      | Noticed Duvessa
   516 | D:7      | Killed Duvessa
   516 | D:7      | Reached XP level 7. HP: 66/66 MP: 6/6
   517 | D:7      | Killed Dowan
   517 | D:7      | Reached skill level 8 in Unarmed Combat
   599 | D:6      | Found a shattered altar of Ashenzari.
   609 | D:6      | Found Fedeqau's Gadget Shop.
   754 | D:5      | Reached skill level 9 in Unarmed Combat
   764 | D:5      | Gained mutation: You are frail. (-10% HP) [potion of mutation]
   764 | D:5      | Gained mutation: You have an increased reservoir of magic. (+10% MP) [potion of mutation]
   764 | D:5      | Gained mutation: You passively map a small area around you. [potion of mutation]
   976 | D:5      | Reached XP level 8. HP: 58/66 MP: 7/7
  1188 | D:7      | Reached skill level 10 in Unarmed Combat
  1417 | D:7      | Found a staircase to the Ecumenical Temple.
  1426 | Temple   | Entered the Ecumenical Temple
  1465 | Temple   | Became a worshipper of Warmaster Okawaru
  1663 | D:9      | Reached skill level 11 in Unarmed Combat
  1683 | D:9      | HP: 3/66 [yak (13)]
  1728 | D:10     | Entered Level 10 of the Dungeon
  1787 | D:9      | Noticed a troll
  1800 | D:9      | HP: 1/66 [troll (9)]
  1801 | D:9      | Mangled by a troll

Vault maps used:
D:1:      kb_arrival_jail, solitary_fountain
D:3:      first_bread
D:4:      lightli_sewer_entry_pipes
D:5:      nicolae_tso_carved_into_rock
D:6:      ashenzari_conservatory_becter, serial_shops, shop
D:7:      grunt_ogre_cave, uniq_duvessa
D:8:      minmay_misc_feat_tiny
D:9:      uniq_joseph
D:10:     david_orc_1_choice, serial_shops, kennysheep_little_box,
          hangedman_decor_peaks_small, uniq_maurice
Temple:   grunt_wide_crystal_templ

Skill      XL: |  1  2  3  4  5  6  7  8 |
---------------+-------------------------+-----
Unarmed Combat | 4 5 6 7 9 11 | 11.5
Fighting       | |  2.4
Dodging        | |  2.4
Shields        | |  2.4

Action                   |  1- 3 |  4- 6 |  7- 9 || total
-------------------------+-------+-------+-------++-------
Melee: Unarmed           |    37 |    51 |   136 ||   224
Throw: Javelin           |       |       |     3 ||     3
  Use: Potion            |       |     1 |     5 ||     6
       Scroll            |       |       |     7 ||     7
  Eat: Chunk             |     4 |     5 |     7 ||    16
Armor: Robe              |     9 |    16 |    21 ||    46
       Skin              |       |       |    18 ||    18
Dodge: Dodged            |     4 |    16 |    28 ||    48
Block: Shield            |     9 |    22 |    65 ||    96

Table legend:
 A = Turns spent in this place as a percentage of turns spent in the entire game.
 B = Non-inter-level travel turns spent in this place as a percentage of non-inter-level travel turns spent in the entire game.
 C = Inter-level travel turns spent in this place as a percentage of turns spent in this place.
 D = Turns resting spent in this place as a percentage of non-inter-level travel turns spent in this place.
 E = Turns spent auto-exploring this place as a percentage of non-inter-level travel turns spent in this place.
 F = Non-inter-level travel turns spent in this place divided by the number of levels of this place that you've seen.
                   A       B       C       D       E      F
               +-------+-------+-------+-------+-------+----------------------
         Total | 100.0 | 100.0 |   0.0 |   0.0 |   0.0 | 164.5
       Dungeon |  96.7 |  96.7 |   0.0 |   0.0 |   0.0 | 175.0
        Temple |   3.3 |   3.3 |   0.0 |   0.0 |   0.0 |  59.0
               +-------+-------+-------+-------+-------+----------------------

Table legend:
 A = Kills in this place as a percentage of kills in entire the game.
 B = Kills by you in this place as a percentage of kills by you in the entire game.
 C = Kills by friends in this place as a percentage of kills by friends in the entire game.
 D = Other kills in this place as a percentage of other kills in the entire game.
 E = Experience gained in this place as a percentage of experience gained in the entire game.
 F = Experience gained in this place divided by the number of levels of this place that you have seen.
                   A       B       C       D       E      F
               +-------+-------+-------+-------+-------+----------------------
         Total | 100.0 | 100.0 |  -nan |  -nan | 100.0 | 245.0
       Dungeon | 100.0 | 100.0 |  -nan |  -nan | 100.0 | 269.5
               +-------+-------+-------+-------+-------+----------------------
